 Dungeon Crawl Stone Soup version 0.19.0-2-gae57169 (webtiles) character file.

35 vev the Grave Robber (level 3, -2/22 HPs)
             Began as a Tengu Necromancer on Nov 6, 2016.
             Slain by a worm (11 damage)
             ... on level 2 of the Dungeon.
             The game lasted 00:02:39 (1908 turns).

vev the Grave Robber (Tengu Necromancer)            Turns: 1908, Time: 00:02:39

Health: -2/22      AC:  2    Str:  9    XL:     3   Next: 35%
Magic:  0/7        EV: 12    Int: 15    God:
Gold:   37         SH:  0    Dex: 14    Spells: 1 memorised, 5 levels left

rFire  . . .     SeeInvis .     k - +0 mace
rCold  . . .     Gourm    .     l - -1 leather armour (curse)
rNeg   . . .     Faith    .     (no shield)
rPois  .         Spirit   .     (helmet restricted)
rElec  .         Reflect  .     (no cloak)
rCorr  .         Harm     .     (no gloves)
MR     .....                    (boots unavailable)
Stlth  ++........               (no amulet)
                                (no ring)
                                (no ring)

@: very slightly contaminated
A: beak, talons 3
a: no special abilities


You were on level 2 of the Dungeon.
You were not hungry.

You visited 1 branch of the dungeon, and saw 2 of its levels.

You collected 37 gold pieces.

Inventory:

Hand Weapons
 i - a +0 short sword
 k - a +0 mace (weapon)
Missiles
 d - 4 tomahawks (quivered)
Armour
 a - a +0 robe
 l - a cursed -1 leather armour (worn)
Scrolls
 e - 3 scrolls of amnesia {unknown}
 m - a scroll of recharging {unknown}
 n - a scroll of noise {unknown}
Potions
 f - a potion of lignification {unknown}
 h - a potion of brilliance {unknown}
 j - a potion of curing {unknown}
 o - 2 potions of degeneration {unknown}
Books
 b - a book of Necromancy

   Spells                             Type                      Level
   a - Pain                           Necromancy                   1
   b - Animate Skeleton               Necromancy                   1
   c - Vampiric Draining              Necromancy                   3
   d - Regeneration                   Charms/Necromancy            3
   e - Animate Dead                   Necromancy                   4
   f - Control Undead                 Necromancy                   4
Comestibles
 c - 2 bread rations
 g - 2 slices of pizza
 p - 5 chunks of flesh


   Skills:
 + Level 2.8 Fighting
 - Level 2.1 Dodging
 - Level 2.0 Stealth
 - Level 2.0 Spellcasting
 - Level 4.3 Necromancy


You had 5 spell levels left.
You knew the following spells:

 Your Spells              Type           Power        Failure   Level  Hunger
a - Pain                  Necr           ##..         8%          1    #......


Dungeon Overview and Level Annotations

Branches:
Dungeon (2/15)

Altars:


Innate Abilities, Weirdness & Mutations

You have a beak for a mouth.
You have claws for feet.


Message History

Press: ? - help, Shift-Dir - straight line, f/p - worm
Aim: a worm (severely wounded, chance to defeat MR: 79%)
You miscast Pain.
You are very lightly contaminated with residual magic.
Nothing appears to happen.
* * * LOW MAGIC WARNING * * *
Casting: Pain
Confirm with . or Enter, or press ? or * to list all spells.
Aiming: Pain
Press: ? - help, Shift-Dir - straight line, f/p - worm
Aim: a worm (severely wounded, chance to defeat MR: 79%)
The worm writhes in agony!
* * * LOW MAGIC WARNING * * *
You hit the worm. Your kick misses the worm.
The worm is almost dead.
You hit the worm.
The worm is almost dead.
The worm bites you!
Ouch! That really hurt!
You die...

#....#.#......#
#....#.#.b....###
#....#.#........
#.÷....#......#
#....###..÷...####
##.#......).......
#.#######.########
#w# #.....(...#...
#@# #....<....#.##
#.###...÷.........
#...........÷(....
#####.............
#.............
#.....(...####
#.........#
#.......÷.#
#.(.......#


You could see a worm.

Vanquished Creatures
  A leopard gecko (D:1)
  2 giant cockroaches (D:1)
  A goblin (D:1)
  8 hobgoblins
  6 bats
  5 frilled lizards
  4 kobolds
  6 rats
33 creatures vanquished.

Notes
Turn   | Place    | Note
-------+----------+-------------------------------------------
     0 | D:1      | vev the Tengu Necromancer began the quest for the Orb.
     0 | D:1      | Reached XP level 1. HP: 10/10 MP: 4/4
   108 | D:1      | Reached skill level 1 in Fighting
   483 | D:1      | Reached XP level 2. HP: 6/16 MP: 3/6
   911 | D:1      | Reached skill level 2 in Fighting
  1526 | D:1      | Reached XP level 3. HP: 21/22 MP: 4/7
  1908 | D:2      | Slain by a worm

Skill      XL: |  1  2 |
---------------+-------+-----
Fighting       | 1 2 |  2.8
Dodging        | |  2.1
Stealth        | |  2.0
Spellcasting   | |  2.0
Necromancy     | |  4.3

Action                   || total
-------------------------++-------
Melee: Mace              ||     8
       Peck              ||     2
 Cast: Pain              ||    56
  Eat: Chunk             ||     4
Armor: Robe              ||     5
Dodge: Dodged            ||    14
